AoeStats
← 白鹿城拉车车

Nomad

507741300Analyzed
4v4 RM · 12d ago on Sep 19, 2026· 39m 20s· 8 players
Game mode
Random Map
Map size
231×231
Population
200
Speed
Normal
Resources
Standard
Victory
Conquest
Starting age
Dark Age
Ending age
Imperial Age
RankedLock teamsTeams togetherTeam positionsShared explorationLock speedFull tech treeHidden civsTurbo modeCheats
Victory
Defeat
🇧🇷 Britons · Brazil
1373
+14
🇨🇳 Celts · China
1371
+14
🇹🇼 Mongols · Taiwan
1367
+14
🇨🇳 Georgians · China
1347
+15
🇩🇪 Vikings · Germany
1352
-16
🇩🇪 Huns · Germany
1330
-14
🇪🇸 Saracens · Spain
1324
-14
🇸🇪 Tupi · Sweden
1302
-13
Barrios
5:18 Loom
14:12 Feudal Age
15:24 Double-Bit Axe
17:15 Gold Mining
19:13 Fletching
19:33 Forging
19:29 Fishing Lines
20:51 Wheelbarrow
24:02 Castle Age
22:39 Stone Mining
25:24 Medium Warships
26:02 Bodkin Arrow
26:57 Careening
27:58 Bow Saw
29:00 Gillnets
32:29 Horse Collar
32:46 Elite Skirmisher
34:47 Iron Casting
34:26 Thumb Ring
37:39 Imperial Age
Snusmumriken.
5:09 Loom
12:40 Feudal Age
16:57 Castle Age
15:08 Fishing Lines
16:14 Fletching
18:52 Medium Warships
18:58 Double-Bit Axe
20:27 Wheelbarrow
21:47 Bodkin Arrow
21:52 Padded Archer Armor
26:09 Ballistics
26:07 Hand Cart
27:47 Town Watch
29:47 Horse Collar
30:19 Bow Saw
30:44 Leather Archer Armor
31:15 Gillnets
32:24 Town Patrol
32:32 Heavy Plow
33:17 Forging
33:08 Scale Mail Armor
36:10 Imperial Age
33:44 Champi Runner
34:26 Squires
36:02 Champi Warrior
36:28 Arson
37:16 Bracer
37:46 Ring Archer Armor
37:32 Chain Mail Armor
37:52 Iron Casting
Bizzy
12:37 Feudal Age
13:51 Loom
16:35 Castle Age
14:48 Stone Mining
15:35 Double-Bit Axe
21:16 Town Watch
22:15 Scale Mail Armor
24:28 Bow Saw
26:45 Chain Mail Armor
32:08 Horse Collar
33:26 Heavy Plow
34:51 Gold Mining
39:05 Imperial Age
37:21 Fletching
37:31 Padded Archer Armor
37:53 Ballistics
37:14 Treadmill Crane
37:57 Ballistics
haki
2:57 Loom
13:24 Feudal Age
15:50 Double-Bit Axe
19:12 Fletching
Julio2
5:09 Loom
14:06 Feudal Age
17:41 Castle Age
16:05 Fletching
16:09 Gold Mining
16:43 Double-Bit Axe
17:44 Crossbowman
18:21 Bodkin Arrow
21:03 Padded Archer Armor
22:22 Town Watch
35:11 Wheelbarrow
34:18 Horse Collar
34:49 Bow Saw
39:37 Imperial Age
37:54 Gold Shaft Mining
39:24 Ballistics
大漁哥哥
12:54 Feudal Age
13:48 Loom
17:10 Castle Age
16:01 Double-Bit Axe
16:52 Gold Mining
18:39 Bow Saw
21:02 Fletching
21:14 Horse Collar
22:29 Wheelbarrow
24:56 Bodkin Arrow
25:19 Padded Archer Armor
25:36 Heavy Plow
27:30 Bloodlines
27:20 Husbandry
27:46 Ballistics
28:39 Leather Archer Armor
30:22 Stone Mining
31:32 Hand Cart
35:10 Imperial Age
34:42 Gold Shaft Mining
34:59 Thumb Ring
36:44 Parthian Tactics
36:21 Bracer
37:27 Chemistry
38:40 Parthian Tactics
39:30 Conscription
很蓝的啦
7:10 Loom
13:28 Feudal Age
14:12 Double-Bit Axe
14:13 Town Watch
15:13 Gold Mining
15:41 Fishing Lines
18:43 Stone Mining
22:18 Castle Age
21:25 Horse Collar
22:07 Scale Mail Armor
22:17 Forging
23:32 Bow Saw
24:01 Medium Warships
24:14 Gillnets
26:31 Chain Mail Armor
26:51 Iron Casting
27:35 Treadmill Crane
白鹿城拉车车
5:32 Loom
13:10 Feudal Age
13:49 Double-Bit Axe
30:31 Horse Collar
34:25 Castle Age
32:49 Stone Mining
33:15 Gold Mining
33:51 Forging
35:01 Wheelbarrow
34:34 Scale Barding Armor
35:02 Bloodlines
36:03 Iron Casting
35:49 Chain Barding Armor
35:33 Husbandry
35:54 Bow Saw
35:47 Heavy Plow
36:40 Chain Barding Armor
Connection lost

Rejoining the realm…

Still unreachable

The connection could not be restored.

Session expired

The server has moved on; the page needs a fresh start.